WCHLSIM.com - West Coast Hockey League
Dernière mise à jour: 2025-12-07 16:11:59
html PUBLIC "-//W3C//DTD XHTML 1.0 Transitional//EN" "http://www.w3.org/TR/xhtml1/DTD/xhtml1-transitional.dtd"> WCHL - Game 296 - ANAHEIM OUTLAWS vs EDMONTON ICE

ANAHEIM OUTLAWS vs EDMONTON ICE

Created - 18 novembre 2025 at 22:09

Goals
1 2 3 T
ANAHEIM OUTLAWS 0 0 2 2
EDMONTON ICE 2 2 1 5
Shots
1 2 3 T
ANAHEIM OUTLAWS 6 7 23 36
EDMONTON ICE 12 8 11 31

1st period

1. EDMONTON ICE , Conor Garland 7 (Anton Lundell 8, Mackie Samoskevich 2) at 2:49 (PP)
2. EDMONTON ICE , Jack Eichel 12 (Alex Tuch 19, Darnell Nurse 2) at 7:28

Penalties :
Jack Quinn (ANA) for Holding (Minor) at 1:43, Shayne Gostisbehere (EDM) for Tripping (Minor) at 5:04, Adrian Kempe (ANA) for Slashing (Minor) at 12:54

2nd period

3. EDMONTON ICE , Conor Garland 8 (Shayne Gostisbehere 5) at 14:41 (PP)
4. EDMONTON ICE , Jonas Brodin 3 (Mackie Samoskevich 3, Timo Meier 14) at 16:52

Penalties :
Oliver Ekman-Larsson (ANA) for Cross-checking (Minor) at 14:31

3rd period

5. EDMONTON ICE , Timo Meier 5 (Nic Dowd 3, Shayne Gostisbehere 6) at 0:28
6. ANAHEIM OUTLAWS , Kent Johnson 6 (Jordan Martinook 9, Oliver Ekman-Larsson 8) at 0:53
7. ANAHEIM OUTLAWS , Carter Verhaeghe 5 (Jordan Martinook 10, Michael Bunting 3) at 13:55 (PP)

Penalties :
Rasmus Ristolainen (ANA) for Slashing (Minor) at 3:21, Timo Meier (EDM) for Hooking (Minor) at 7:12, Darnell Nurse (EDM) for Holding (Minor) at 13:12

Goalie Stats

Mackenzie Blackwood (ANA), 12 saves from 13 shots - (0,923), 23:08 minutes
Lukas Dostal (ANA), 14 saves from 18 shots - (0,778), L, 1-5-1, 36:52 minutes
Jordan Binnington (EDM), 34 saves from 36 shots - (0,944), W, 13-5-0, 60:00 minutes

Players Stats for ANAHEIM OUTLAWS

Player Name              G  A  P  +/- PIM S  H  SB GA TA FO     MP     PP MP  PK MP  
------------------------------------------------------------------------------------
Adrian Kempe             0  0  0  -3  2   2  2  0  0  0  0/0    21:54   0:32   0:00 
Albert Johansson         0  0  0  -1  0   1  0  1  0  0  0/0     4:55   0:00   0:09 
Carter Verhaeghe         1  0  1  -2  0   6  1  0  0  0  4/27   21:41   2:28   2:11 
Drew Helleson            0  0  0   0  0   0  3  0  0  0  0/0    17:18   2:56   2:12 
Henri Jokiharju          0  0  0   0  0   1  2  1  0  0  0/0    13:09   0:00   0:59 
Jack Quinn               0  0  0   0  2   5  0  0  0  0  2/7    16:51   2:13   2:09 
Jacob Trouba             0  0  0  -2  0   0  1  1  0  0  0/0    21:54   2:56   2:12 
Jan Mysak                0  0  0  -1  0   0  0  0  0  0  0/0     4:21   0:00   0:00 
Jeff Skinner             0  0  0   0  0   2  0  0  0  0  4/12   14:11   1:41   0:00 
Jordan Martinook         0  2  2   1  0   3  4  1  0  0  3/5    21:43   2:28   3:03 
Kent Johnson             1  0  1   1  0   6  0  0  0  0  5/21   16:12   0:00   0:00 
Kevin Fiala              0  0  0  -2  0   3  1  0  0  0  1/3    21:26   2:13   2:11 
Michael Bunting          0  1  1   1  0   2  1  0  0  0  0/1    18:40   2:28   0:00 
Michael Rasmussen        0  0  0  -1  0   0  0  0  0  0  4/5     5:15   0:00   0:54 
Morgan Rielly            0  0  0  -3  0   1  0  1  0  0  0/0    21:32   0:00   0:00 
Oliver Ekman-Larsson     0  1  1   1  2   0  1  2  0  0  0/0    21:00   1:45   2:53 
Pierre Engvall           0  0  0   0  0   2  0  0  0  0  1/2    12:30   0:00   0:00 
Rasmus Ristolainen       0  0  0   1  2   2  3  0  0  0  0/0    20:10   1:45   2:03 

Players Stats for EDMONTON ICE

Player Name              G  A  P  +/- PIM S  H  SB GA TA FO     MP     PP MP  PK MP  
------------------------------------------------------------------------------------
Alex Tuch                0  1  1   0  0   3  3  0  0  0  0/1    21:54   2:42   0:00 
Anton Lundell            0  1  1   0  0   3  0  0  0  0  14/20  13:51   2:32   0:00 
Cameron York             0  0  0   0  0   0  0  2  0  0  0/0    14:48   0:00   2:10 
Connor Clifton           0  0  0   0  0   1  0  1  0  0  0/0    12:27   0:00   2:31 
Conor Garland            2  0  2   0  0   5  0  0  0  0  0/1    19:44   2:32   0:00 
Dante Fabbro             0  0  0   0  0   0  1  1  0  0  0/0    22:35   2:16   2:10 
Darnell Nurse            0  1  1   2  2   1  0  1  0  0  0/0    22:15   2:58   0:00 
Eeli Tolvanen            0  0  0   0  0   2  1  1  0  0  1/1    14:01   0:00   2:42 
Evgeny Dadonov           0  0  0   0  0   0  1  0  0  0  1/1    19:12   0:00   0:00 
Jack Eichel              1  0  1   0  0   3  0  0  0  0  18/25  21:54   2:42   0:00 
Jonas Brodin             1  0  1   0  0   1  0  2  0  0  0/0    20:40   0:00   2:31 
Jordan Spence            0  0  0   0  0   0  0  0  0  0  0/0     4:58   2:16   0:00 
Mackie Samoskevich       0  2  2   2  0   1  0  0  0  0  1/1     4:54   2:32   0:00 
Nic Dowd                 0  1  1   2  0   1  0  0  0  0  4/4     4:21   0:00   1:59 
Nino Niederreiter        0  0  0   0  0   3  1  0  0  0  1/1    13:18   0:00   1:59 
Ryan O'Reilly            0  0  0   0  0   1  0  1  0  0  19/28  19:54   0:00   2:42 
Shayne Gostisbehere      0  2  2   2  2   1  1  1  0  0  0/0    22:15   2:58   0:00 
Timo Meier               1  1  2   2  2   5  0  0  0  0  0/0    22:15   2:42   0:00 

3 Stars

1 - Conor Garland (EDM)
2 - Timo Meier (EDM)
3 - Mackie Samoskevich (EDM)

Power Play

ANAHEIM OUTLAWS - 1 on 3 Attempt(s) - 33,33%
EDMONTON ICE - 2 on 4 Attempt(s) - 50,00%

Penalty Kill

ANAHEIM OUTLAWS - 2 on 4 Attempt(s) - 50,00% - Score 0 goal in Penalty Kill
EDMONTON ICE - 2 on 3 Attempt(s) - 66,67% - Score 0 goal in Penalty Kill

Team Stat

ANAHEIM OUTLAWS - Hits : 19 - Faceoff Wins : 24 - Blocked Shots : 7 - Penalty Minutes : 8
EDMONTON ICE - Hits : 8 - Faceoff Wins : 59 - Blocked Shots : 10 - Penalty Minutes : 6

Official

Referees : Reid Anderson and Terry Koharski
Linesman : Shaun Morgan and Neil Campbell

Game Notes

Mackenzie Blackwood enters game at 16:52 of 2nd period

Finance

Level 1 -- Attendance: 4810 (80,17%) -- Ticket Income 1 010 100 $
Level 2 -- Attendance: 4145 (82,90%) -- Ticket Income 580 300 $
Level 3 -- Attendance: 2000 (100,00%) -- Ticket Income 220 000 $
Level 4 -- Attendance: 3120 (52,00%) -- Ticket Income 265 200 $
Luxury Box -- Attendance: 796 (79,60%) -- Ticket Income 298 500 $
Total Attendance: 14871 (74,36%)
Total Ticket Income: 2 374 100 $
Other Expense: 23 741 $
Total Income: 2 350 359 $

ANAHEIM OUTLAWS

5 vs 5 Forward 
   Center                   Left Wing                Right Wing               Time % Phy DF OF 
 1 Carter Verhaeghe         Adrian Kempe             Kevin Fiala              36     1   2  2  
 2 Kent Johnson             Jordan Martinook         Michael Bunting          31     1   2  2  
 3 Jeff Skinner             Jack Quinn               Pierre Engvall           23     1   2  2  
 4 Michael Rasmussen        Jan Mysak                Adrian Kempe             10     1   2  2  

5 vs 5 Defense 
   Defense                  Defense                                           Time % Phy DF OF 
 1 Morgan Rielly            Jacob Trouba                                      36     1   2  2  
 2 Oliver Ekman-Larsson     Rasmus Ristolainen                                31     1   2  2  
 3 Drew Helleson            Henri Jokiharju                                   23     1   2  2  
 4 Albert Johansson         Morgan Rielly                                     10     1   2  2  

PowerPlay Forward 
   Center                   Left Wing                Right Wing               Time % Phy DF OF 
 1 Jack Quinn               Jeff Skinner             Kevin Fiala              55     1   2  2  
 2 Carter Verhaeghe         Jordan Martinook         Michael Bunting          45     1   2  2  

PowerPlay Defense
   Defense                  Defense                                           Time % Phy DF OF 
 1 Drew Helleson            Jacob Trouba                                      55     1   2  2  
 2 Oliver Ekman-Larsson     Rasmus Ristolainen                                45     1   2  2  

Penalty Kill 4 Players Forward 
   Center                   Wing                     Time % Phy DF OF 
 1 Jordan Martinook         Jack Quinn               55     1   2  2  
 2 Kevin Fiala              Carter Verhaeghe         45     1   2  2  

Penalty Kill 4 Players Defense
   Defense                  Defense                  Time % Phy DF OF 
 1 Drew Helleson            Jacob Trouba             55     1   2  2  
 2 Oliver Ekman-Larsson     Rasmus Ristolainen       45     1   2  2  

Penalty Kill - 3 Players Forward 
   Forward                                           Time % Phy DF OF 
 1 Kevin Fiala                                       55     1   2  2  
 2 Jack Quinn                                        45     1   2  2  

Penalty Kill - 3 Players Defense
   Defense                  Defense                  Time % Phy DF OF 
 1 Henri Jokiharju          Jacob Trouba             55     1   2  2  
 2 Oliver Ekman-Larsson     Rasmus Ristolainen       45     1   2  2  

4 vs 4 Forward 
   Center                   Wing                     Time % Phy DF OF 
 1 Jordan Martinook         Jack Quinn               55     1   2  2  
 2 Kevin Fiala              Jeff Skinner             45     1   2  2  

4 vs 4 Defense
   Defense                  Defense                  Time % Phy DF OF 
 1 Drew Helleson            Jacob Trouba             55     1   2  2  
 2 Oliver Ekman-Larsson     Rasmus Ristolainen       45     1   2  2  

Last Minutes Offensive
   Center                   Left Wing                Right Wing               Defense                  Defense                  
   Carter Verhaeghe         Adrian Kempe             Kevin Fiala              Morgan Rielly            Jacob Trouba             

Last Minutes Defensive
   Center                   Left Wing                Right Wing               Defense                  Defense                  
   Carter Verhaeghe         Adrian Kempe             Kevin Fiala              Morgan Rielly            Jacob Trouba             

Goaltenders
Starting : Lukas Dostal             
Backup : Mackenzie Blackwood      

Extra Forwards
Normal : Jack Quinn, Jeff Skinner, Michael Rasmussen - PP : Jack Quinn, Jeff Skinner - PK : Michael Rasmussen
Extra Defensemen
Normal : Drew Helleson, Henri Jokiharju, Albert Johansson - PP : Drew Helleson - PK : Henri Jokiharju, Albert Johansson
Penalty Shots
Jack Quinn, Carter Verhaeghe, Kevin Fiala, Jeff Skinner, Jordan Martinook
Custom OT Lines Forwards
Carter Verhaeghe, Adrian Kempe, Kevin Fiala, Jan Mysak, Jordan Martinook, Michael Bunting, Jack Quinn, Jeff Skinner, Michael Rasmussen, Pierre Engvall
Custom OT Lines Defensemen
Albert Johansson, Jacob Trouba, Oliver Ekman-Larsson, Rasmus Ristolainen, Drew Helleson

Scratches
Landon Slaggert (Healthy)

EDMONTON ICE

5 vs 5 Forward 
   Center                   Left Wing                Right Wing               Time % Phy DF OF 
 1 Jack Eichel              Evgeny Dadonov           Alex Tuch                36     1   1  3  
 2 Ryan O'Reilly            Timo Meier               Conor Garland            33     1   2  2  
 3 Anton Lundell            Nino Niederreiter        Eeli Tolvanen            23     1   3  1  
 4 Nic Dowd                 Timo Meier               Mackie Samoskevich       8      1   3  1  

5 vs 5 Defense 
   Defense                  Defense                                           Time % Phy DF OF 
 1 Shayne Gostisbehere      Darnell Nurse                                     37     1   2  2  
 2 Jonas Brodin             Dante Fabbro                                      35     1   2  2  
 3 Connor Clifton           Cameron York                                      20     1   3  1  
 4 Cameron York             Jordan Spence                                     8      1   3  1  

PowerPlay Forward 
   Center                   Left Wing                Right Wing               Time % Phy DF OF 
 1 Jack Eichel              Timo Meier               Alex Tuch                57     0   0  5  
 2 Anton Lundell            Conor Garland            Mackie Samoskevich       43     0   2  3  

PowerPlay Defense
   Defense                  Defense                                           Time % Phy DF OF 
 1 Shayne Gostisbehere      Darnell Nurse                                     55     0   1  4  
 2 Jordan Spence            Dante Fabbro                                      45     0   2  3  

Penalty Kill 4 Players Forward 
   Center                   Wing                     Time % Phy DF OF 
 1 Ryan O'Reilly            Eeli Tolvanen            55     0   4  1  
 2 Nic Dowd                 Nino Niederreiter        45     0   5  0  

Penalty Kill 4 Players Defense
   Defense                  Defense                  Time % Phy DF OF 
 1 Connor Clifton           Jonas Brodin             55     0   5  0  
 2 Dante Fabbro             Cameron York             45     0   5  0  

Penalty Kill - 3 Players Forward 
   Forward                                           Time % Phy DF OF 
 1 Ryan O'Reilly                                     55     0   5  0  
 2 Nic Dowd                                          45     0   5  0  

Penalty Kill - 3 Players Defense
   Defense                  Defense                  Time % Phy DF OF 
 1 Jonas Brodin             Connor Clifton           55     0   5  0  
 2 Cameron York             Dante Fabbro             45     0   5  0  

4 vs 4 Forward 
   Center                   Wing                     Time % Phy DF OF 
 1 Jack Eichel              Alex Tuch                55     1   2  2  
 2 Anton Lundell            Timo Meier               45     1   2  2  

4 vs 4 Defense
   Defense                  Defense                  Time % Phy DF OF 
 1 Shayne Gostisbehere      Connor Clifton           55     1   2  2  
 2 Dante Fabbro             Darnell Nurse            45     1   2  2  

Last Minutes Offensive
   Center                   Left Wing                Right Wing               Defense                  Defense                  
   Jack Eichel              Timo Meier               Alex Tuch                Darnell Nurse            Shayne Gostisbehere      

Last Minutes Defensive
   Center                   Left Wing                Right Wing               Defense                  Defense                  
   Ryan O'Reilly            Conor Garland            Alex Tuch                Darnell Nurse            Jonas Brodin             

Goaltenders
Starting : Jordan Binnington        
Backup : Jake Allen               

Extra Forwards
Normal : Alex Tuch, Timo Meier, Anton Lundell - PP : Ryan O'Reilly, Eeli Tolvanen - PK : Alex Tuch
Extra Defensemen
Normal : Shayne Gostisbehere, Jonas Brodin, Darnell Nurse - PP : Cameron York - PK : Darnell Nurse, Dante Fabbro
Penalty Shots
Jack Eichel, Alex Tuch, Timo Meier, Anton Lundell, Ryan O'Reilly
Custom OT Lines Forwards
Jack Eichel, Alex Tuch, Ryan O'Reilly, Timo Meier, Conor Garland, Anton Lundell, Evgeny Dadonov, Eeli Tolvanen, Nino Niederreiter, Mackie Samoskevich
Custom OT Lines Defensemen
Shayne Gostisbehere, Darnell Nurse, Dante Fabbro, Jonas Brodin, Cameron York

Scratches
Zach Whitecloud (Healthy)

% Time on Ice - ANAHEIM OUTLAWS

Lines # - Real PCT - Wanted PCT - Time Play
Normal Forward
1 - 34% - 36% - 17:02
2 - 32% - 31% - 16:12
3 - 25% - 23% - 12:30
4 - 9% - 10% - 4:21
Normal Defense
1 - 33% - 36% - 16:46
2 - 33% - 31% - 16:23
3 - 24% - 23% - 12:10
4 - 10% - 10% - 4:46
PP Forward
1 - 47% - 55% - 2:13
2 - 53% - 45% - 2:28
PP Defense
1 - 63% - 55% - 2:56
2 - 37% - 45% - 1:45
PK Forward
1 - 58% - 55% - 3:03
2 - 42% - 45% - 2:11
PK Defense
1 - 42% - 55% - 2:12
2 - 58% - 45% - 3:02
PK3 Forward
1 - 0% - 55%
2 - 0% - 45%
PK3 Defense
1 - 0% - 55%
2 - 0% - 45%
44 Forward
1 - 0% - 55%
2 - 0% - 45%
44 Defense
1 - 0% - 55%
2 - 0% - 45%
Last Minute Offensive  - 0:00
Last Minute Defensive  - 0:00
Total
Forward - 60:00
Defense - 60:00

% Time on Ice - EDMONTON ICE

Lines # - Real PCT - Wanted PCT - Time Play
Normal Forward
1 - 38% - 36% - 19:12
2 - 34% - 33% - 17:12
3 - 23% - 23% - 11:19
4 - 5% - 8% - 2:22
Normal Defense
1 - 39% - 37% - 19:18
2 - 36% - 35% - 18:09
3 - 20% - 20% - 9:56
4 - 5% - 8% - 2:42
PP Forward
1 - 52% - 57% - 2:42
2 - 48% - 43% - 2:32
PP Defense
1 - 57% - 55% - 2:58
2 - 43% - 45% - 2:16
PK Forward
1 - 58% - 55% - 2:42
2 - 42% - 45% - 1:59
PK Defense
1 - 54% - 55% - 2:31
2 - 46% - 45% - 2:10
PK3 Forward
1 - 0% - 55%
2 - 0% - 45%
PK3 Defense
1 - 0% - 55%
2 - 0% - 45%
44 Forward
1 - 0% - 55%
2 - 0% - 45%
44 Defense
1 - 0% - 55%
2 - 0% - 45%
Last Minute Offensive  - 0:00
Last Minute Defensive  - 0:00
Total
Forward - 60:00
Defense - 60:00

Play-by-Play

1st period


0:01 of 1st period - Jack Eichel wins face-off versus Carter Verhaeghe in neutral zone.
0:01 of 1st period - Alex Tuch is hit by Kevin Fiala and loses puck.
0:06 of 1st period - Shot by Carter Verhaeghe.
0:06 of 1st period - Shot Misses the Net.
0:08 of 1st period - Shot by Morgan Rielly.
0:08 of 1st period - Shot Hit the Post.
0:10 of 1st period - Shot by Jacob Trouba.
0:10 of 1st period - Shot Misses the Net.
0:17 of 1st period - Carter Verhaeghe is hit by Shayne Gostisbehere and loses puck.
0:59 of 1st period - Icing by Morgan Rielly.
1:00 of 1st period - Kevin Fiala wins face-off versus Ryan O'Reilly in ANAHEIM OUTLAWS zone.
1:33 of 1st period - Icing by Jonas Brodin.
1:34 of 1st period - Jeff Skinner wins face-off versus Ryan O'Reilly in EDMONTON ICE zone.
1:43 of 1st period - Minor Penalty to Jack Quinn for Holding.
1:44 of 1st period - Jack Eichel wins face-off versus Jordan Martinook in ANAHEIM OUTLAWS zone.
1:49 of 1st period - Shot by Alex Tuch.
1:49 of 1st period - Shot Misses the Net.
1:51 of 1st period - Shot by Shayne Gostisbehere.
1:51 of 1st period - Shot Misses the Net.
2:49 of 1st period - Shot by Conor Garland.
2:49 of 1st period - Goal by Conor Garland - ANAHEIM OUTLAWS : 0 - EDMONTON ICE : 1.
2:50 of 1st period - Anton Lundell wins face-off versus Pierre Engvall in neutral zone.
3:49 of 1st period - Shot by Alex Tuch.
3:49 of 1st period - Shot Misses the Net.
4:06 of 1st period - Shot by Alex Tuch.
4:06 of 1st period - Shot Blocked by Henri Jokiharju.
4:29 of 1st period - Off-side.
4:30 of 1st period - Kent Johnson wins face-off versus Ryan O'Reilly in neutral zone.
4:47 of 1st period - Shot by Kent Johnson.
4:47 of 1st period - Deflect By Jordan Martinook.
4:47 of 1st period - Shot Misses the Net.
5:04 of 1st period - Minor Penalty to Shayne Gostisbehere for Tripping.
5:05 of 1st period - Ryan O'Reilly wins face-off versus Jack Quinn in EDMONTON ICE zone.
7:24 of 1st period - Shot by Jack Eichel.
7:24 of 1st period - Shot Blocked by Albert Johansson.
7:26 of 1st period - Shot by Jack Eichel.
7:26 of 1st period - Shot Misses the Net.
7:28 of 1st period - Shot by Jack Eichel.
7:28 of 1st period - Goal by Jack Eichel - ANAHEIM OUTLAWS : 0 - EDMONTON ICE : 2.
7:29 of 1st period - Kent Johnson wins face-off versus Ryan O'Reilly in neutral zone.
7:44 of 1st period - Shot by Michael Bunting.
7:44 of 1st period - Shot Blocked by Ryan O'Reilly.
7:50 of 1st period - Shot by Kent Johnson.
7:50 of 1st period - Stopped by Jordan Binnington without a rebound.
7:51 of 1st period - Jack Eichel wins face-off versus Carter Verhaeghe in EDMONTON ICE zone.
7:58 of 1st period - Shot by Jack Eichel.
7:58 of 1st period - Stopped by Lukas Dostal without a rebound.
7:59 of 1st period - Jack Quinn wins face-off versus Anton Lundell in ANAHEIM OUTLAWS zone.
7:59 of 1st period - Jack Quinn is hit by Eeli Tolvanen.
8:06 of 1st period - Shot by Jeff Skinner.
8:06 of 1st period - Stopped by Jordan Binnington with a rebound.
8:08 of 1st period - Shot by Rasmus Ristolainen.
8:08 of 1st period - Shot Misses the Net.
8:10 of 1st period - Shot by Rasmus Ristolainen.
8:10 of 1st period - Shot Misses the Net.
8:12 of 1st period - Shot by Pierre Engvall.
8:12 of 1st period - Stopped by Jordan Binnington with a rebound.
8:20 of 1st period - Shot by Jack Quinn.
8:20 of 1st period - Stopped by Jordan Binnington without a rebound.
8:21 of 1st period - Ryan O'Reilly wins face-off versus Carter Verhaeghe in EDMONTON ICE zone.
8:28 of 1st period - Shot by Ryan O'Reilly.
8:28 of 1st period - Shot Misses the Net.
8:58 of 1st period - Shot by Kevin Fiala.
8:58 of 1st period - Shot Misses the Net.
9:00 of 1st period - Shot by Adrian Kempe.
9:00 of 1st period - Stopped by Jordan Binnington without a rebound.
9:01 of 1st period - Anton Lundell wins face-off versus Kent Johnson in EDMONTON ICE zone.
9:01 of 1st period - Anton Lundell is hit by Jordan Martinook.
9:34 of 1st period - Shot by Eeli Tolvanen.
9:34 of 1st period - Stopped by Lukas Dostal without a rebound.
9:35 of 1st period - Jack Eichel wins face-off versus Jack Quinn in ANAHEIM OUTLAWS zone.
9:35 of 1st period - Jack Eichel is hit by Rasmus Ristolainen.
9:38 of 1st period - Alex Tuch is hit by Rasmus Ristolainen and loses puck.
10:43 of 1st period - Shot by Timo Meier.
10:43 of 1st period - Deflect By Conor Garland.
10:43 of 1st period - Shot Blocked by Jacob Trouba.
11:11 of 1st period - Shot by Carter Verhaeghe.
11:11 of 1st period - Stopped by Jordan Binnington without a rebound.
11:12 of 1st period - Anton Lundell wins face-off versus Kent Johnson in EDMONTON ICE zone.
11:12 of 1st period - Anton Lundell is hit by Jordan Martinook.
11:53 of 1st period - Shot by Nino Niederreiter.
11:53 of 1st period - Stopped by Lukas Dostal with a rebound.
12:29 of 1st period - Shot by Carter Verhaeghe.
12:29 of 1st period - Shot Misses the Net.
12:54 of 1st period - Minor Penalty to Adrian Kempe for Slashing.
12:55 of 1st period - Jordan Martinook wins face-off versus Conor Garland in ANAHEIM OUTLAWS zone.
13:08 of 1st period - Shot by Anton Lundell.
13:08 of 1st period - Stopped by Lukas Dostal with a rebound.
13:20 of 1st period - Shot by Darnell Nurse.
13:20 of 1st period - Stopped by Lukas Dostal without a rebound.
13:21 of 1st period - Jack Eichel wins face-off versus Kevin Fiala in ANAHEIM OUTLAWS zone.
13:48 of 1st period - Shot by Jack Eichel.
13:48 of 1st period - Shot Misses the Net.
14:20 of 1st period - Shot by Anton Lundell.
14:20 of 1st period - Stopped by Lukas Dostal without a rebound.
14:21 of 1st period - Anton Lundell wins face-off versus Jordan Martinook in ANAHEIM OUTLAWS zone.
14:33 of 1st period - Off-side.
14:34 of 1st period - Jordan Martinook wins face-off versus Anton Lundell in neutral zone.
14:55 of 1st period - Shot by Mackie Samoskevich.
14:55 of 1st period - Stopped by Lukas Dostal without a rebound.
14:56 of 1st period - Jack Eichel wins face-off versus Michael Rasmussen in ANAHEIM OUTLAWS zone.
15:05 of 1st period - Shot by Alex Tuch.
15:05 of 1st period - Shot Misses the Net.
15:22 of 1st period - Shot by Alex Tuch.
15:22 of 1st period - Stopped by Lukas Dostal with a rebound.
16:18 of 1st period - Shot by Jack Quinn.
16:18 of 1st period - Shot Misses the Net.
16:38 of 1st period - Off-side.
16:39 of 1st period - Anton Lundell wins face-off versus Kent Johnson in neutral zone.
16:41 of 1st period - Off-side.
16:42 of 1st period - Anton Lundell wins face-off versus Kent Johnson in neutral zone.
17:24 of 1st period - Shot by Eeli Tolvanen.
17:24 of 1st period - Stopped by Lukas Dostal without a rebound.
17:25 of 1st period - Ryan O'Reilly wins face-off versus Carter Verhaeghe in ANAHEIM OUTLAWS zone.
17:54 of 1st period - Shot by Timo Meier.
17:54 of 1st period - Shot Misses the Net.
17:56 of 1st period - Shot by Jordan Spence.
17:56 of 1st period - Deflect By Timo Meier.
17:56 of 1st period - Stopped by Lukas Dostal without a rebound.
17:57 of 1st period - Jack Eichel wins face-off versus Jeff Skinner in ANAHEIM OUTLAWS zone.
18:18 of 1st period - Shot by Jack Eichel.
18:18 of 1st period - Shot Misses the Net.
19:30 of 1st period - Off-side.
19:31 of 1st period - Kent Johnson wins face-off versus Anton Lundell in neutral zone.
Goals for this period are 0 for ANAHEIM OUTLAWS vs 2 for EDMONTON ICE.
Shots for this period are 6 for ANAHEIM OUTLAWS vs 12 for EDMONTON ICE.

2nd period


0:01 of 2nd period - Ryan O'Reilly wins face-off versus Carter Verhaeghe in neutral zone.
0:23 of 2nd period - Off-side.
0:24 of 2nd period - Jack Eichel wins face-off versus Kent Johnson in neutral zone.
0:39 of 2nd period - Shot by Kent Johnson.
0:39 of 2nd period - Shot Misses the Net.
1:22 of 2nd period - Morgan Rielly is hit by Alex Tuch.
1:23 of 2nd period - Icing by Morgan Rielly.
1:24 of 2nd period - Nic Dowd wins face-off versus Carter Verhaeghe in ANAHEIM OUTLAWS zone.
1:45 of 2nd period - Shot by Kevin Fiala.
1:45 of 2nd period - Shot Misses the Net.
1:55 of 2nd period - Shot by Timo Meier.
1:55 of 2nd period - Shot Misses the Net.
1:57 of 2nd period - Shot by Timo Meier.
1:57 of 2nd period - Shot Misses the Net.
2:05 of 2nd period - Shot by Nic Dowd.
2:05 of 2nd period - Stopped by Lukas Dostal without a rebound.
2:06 of 2nd period - Anton Lundell wins face-off versus Jeff Skinner in ANAHEIM OUTLAWS zone.
2:13 of 2nd period - Anton Lundell is hit by Drew Helleson and loses puck.
2:29 of 2nd period - Henri Jokiharju is hit by Nino Niederreiter and loses puck.
2:48 of 2nd period - Shot by Anton Lundell.
2:48 of 2nd period - Stopped by Lukas Dostal without a rebound.
2:49 of 2nd period - Ryan O'Reilly wins face-off versus Kent Johnson in ANAHEIM OUTLAWS zone.
3:09 of 2nd period - Shot by Timo Meier.
3:09 of 2nd period - Shot Blocked by Jordan Martinook.
3:11 of 2nd period - Shot by Ryan O'Reilly.
3:11 of 2nd period - Shot Blocked by Oliver Ekman-Larsson.
3:13 of 2nd period - Shot by Timo Meier.
3:13 of 2nd period - Stopped by Lukas Dostal without a rebound.
3:14 of 2nd period - Jack Eichel wins face-off versus Carter Verhaeghe in ANAHEIM OUTLAWS zone.
3:33 of 2nd period - Shot by Alex Tuch.
3:33 of 2nd period - Shot Misses the Net.
3:55 of 2nd period - Shot by Carter Verhaeghe.
3:55 of 2nd period - Stopped by Jordan Binnington without a rebound.
3:56 of 2nd period - Ryan O'Reilly wins face-off versus Kent Johnson in EDMONTON ICE zone.
4:54 of 2nd period - Icing by Drew Helleson.
4:55 of 2nd period - Nino Niederreiter wins face-off versus Jeff Skinner in ANAHEIM OUTLAWS zone.
6:07 of 2nd period - Shot by Jack Eichel.
6:07 of 2nd period - Shot Misses the Net.
7:37 of 2nd period - Icing by Morgan Rielly.
7:38 of 2nd period - Anton Lundell wins face-off versus Carter Verhaeghe in ANAHEIM OUTLAWS zone.
8:45 of 2nd period - Shot by Michael Bunting.
8:45 of 2nd period - Shot Blocked by Cameron York.
8:48 of 2nd period - Icing by Alex Tuch.
8:49 of 2nd period - Jeff Skinner wins face-off versus Jack Eichel in EDMONTON ICE zone.
9:22 of 2nd period - Shot by Alex Tuch.
9:22 of 2nd period - Shot Misses the Net.
9:24 of 2nd period - Shot by Alex Tuch.
9:24 of 2nd period - Shot Misses the Net.
9:26 of 2nd period - Shot by Alex Tuch.
9:26 of 2nd period - Shot Misses the Net.
9:28 of 2nd period - Shot by Alex Tuch.
9:28 of 2nd period - Shot Misses the Net.
11:14 of 2nd period - Icing by Michael Rasmussen.
11:15 of 2nd period - Michael Rasmussen wins face-off versus Jack Eichel in ANAHEIM OUTLAWS zone.
11:17 of 2nd period - Icing by Adrian Kempe.
11:18 of 2nd period - Michael Rasmussen wins face-off versus Jack Eichel in ANAHEIM OUTLAWS zone.
13:08 of 2nd period - Anton Lundell is hit by Drew Helleson and loses puck.
13:42 of 2nd period - Anton Lundell is hit by Jacob Trouba and loses puck.
13:56 of 2nd period - Off-side.
13:57 of 2nd period - Michael Rasmussen wins face-off versus Jack Eichel in neutral zone.
14:05 of 2nd period - Alex Tuch is hit by Rasmus Ristolainen.
14:18 of 2nd period - Alex Tuch is hit by Oliver Ekman-Larsson.
14:31 of 2nd period - Minor Penalty to Oliver Ekman-Larsson for Cross-checking.
14:32 of 2nd period - Jordan Martinook wins face-off versus Anton Lundell in ANAHEIM OUTLAWS zone.
14:41 of 2nd period - Shot by Conor Garland.
14:41 of 2nd period - Goal by Conor Garland - ANAHEIM OUTLAWS : 0 - EDMONTON ICE : 3.
14:42 of 2nd period - Kent Johnson wins face-off versus Ryan O'Reilly in neutral zone.
15:25 of 2nd period - Shot by Timo Meier.
15:25 of 2nd period - Shot Misses the Net.
15:27 of 2nd period - Shot by Conor Garland.
15:27 of 2nd period - Stopped by Lukas Dostal without a rebound.
15:28 of 2nd period - Carter Verhaeghe wins face-off versus Jack Eichel in ANAHEIM OUTLAWS zone.
15:53 of 2nd period - Shot by Adrian Kempe.
15:53 of 2nd period - Stopped by Jordan Binnington without a rebound.
15:54 of 2nd period - Anton Lundell wins face-off versus Jeff Skinner in EDMONTON ICE zone.
16:03 of 2nd period - Shot by Jack Quinn.
16:03 of 2nd period - Stopped by Jordan Binnington with a rebound.
16:05 of 2nd period - Shot by Henri Jokiharju.
16:05 of 2nd period - Stopped by Jordan Binnington with a rebound.
16:09 of 2nd period - Shot by Jack Quinn.
16:09 of 2nd period - Stopped by Jordan Binnington without a rebound.
16:10 of 2nd period - Nic Dowd wins face-off versus Carter Verhaeghe in EDMONTON ICE zone.
16:48 of 2nd period - Shot by Timo Meier.
16:48 of 2nd period - Shot Misses the Net.
16:50 of 2nd period - Shot by Timo Meier.
16:50 of 2nd period - Deflect By Mackie Samoskevich.
16:50 of 2nd period - Shot Misses the Net.
16:52 of 2nd period - Shot by Jonas Brodin.
16:52 of 2nd period - Goal by Jonas Brodin - ANAHEIM OUTLAWS : 0 - EDMONTON ICE : 4.
16:52 of 2nd period - Mackenzie Blackwood enters game.
16:53 of 2nd period - Kent Johnson wins face-off versus Jack Eichel in neutral zone.
17:01 of 2nd period - Icing by Darnell Nurse.
17:02 of 2nd period - Jack Eichel wins face-off versus Kent Johnson in EDMONTON ICE zone.
17:12 of 2nd period - Oliver Ekman-Larsson is hit by Evgeny Dadonov and loses puck.
17:32 of 2nd period - Shot by Jordan Martinook.
17:32 of 2nd period - Stopped by Jordan Binnington with a rebound.
18:31 of 2nd period - Icing by Dante Fabbro.
18:32 of 2nd period - Jeff Skinner wins face-off versus Ryan O'Reilly in EDMONTON ICE zone.
18:45 of 2nd period - Shot by Jack Quinn.
18:45 of 2nd period - Shot Blocked by Jonas Brodin.
18:47 of 2nd period - Shot by Jack Quinn.
18:47 of 2nd period - Stopped by Jordan Binnington without a rebound.
18:48 of 2nd period - Anton Lundell wins face-off versus Carter Verhaeghe in EDMONTON ICE zone.
18:55 of 2nd period - Shot by Nino Niederreiter.
18:55 of 2nd period - Stopped by Mackenzie Blackwood without a rebound.
18:56 of 2nd period - Jack Eichel wins face-off versus Carter Verhaeghe in ANAHEIM OUTLAWS zone.
19:27 of 2nd period - Shot by Alex Tuch.
19:27 of 2nd period - Stopped by Mackenzie Blackwood without a rebound.
19:28 of 2nd period - Ryan O'Reilly wins face-off versus Kent Johnson in ANAHEIM OUTLAWS zone.
Goals for this period are 0 for ANAHEIM OUTLAWS vs 2 for EDMONTON ICE.
Shots for this period are 7 for ANAHEIM OUTLAWS vs 8 for EDMONTON ICE.

3rd period


0:01 of 3rd period - Mackie Samoskevich wins face-off versus Carter Verhaeghe in neutral zone.
0:07 of 3rd period - Timo Meier is hit by Adrian Kempe and loses puck.
0:12 of 3rd period - Shot by Shayne Gostisbehere.
0:12 of 3rd period - Shot Misses the Net.
0:26 of 3rd period - Shot by Nic Dowd.
0:26 of 3rd period - Shot Misses the Net.
0:28 of 3rd period - Shot by Timo Meier.
0:28 of 3rd period - Goal by Timo Meier - ANAHEIM OUTLAWS : 0 - EDMONTON ICE : 5.
0:29 of 3rd period - Jack Eichel wins face-off versus Kent Johnson in neutral zone.
0:29 of 3rd period - Jack Eichel is hit by Michael Bunting.
0:39 of 3rd period - Shot by Alex Tuch.
0:39 of 3rd period - Shot Misses the Net.
0:53 of 3rd period - Shot by Kent Johnson.
0:53 of 3rd period - Goal by Kent Johnson - ANAHEIM OUTLAWS : 1 - EDMONTON ICE : 5.
0:54 of 3rd period - Carter Verhaeghe wins face-off versus Ryan O'Reilly in neutral zone.
0:59 of 3rd period - Timo Meier is hit by Adrian Kempe and loses puck.
1:14 of 3rd period - Shot by Carter Verhaeghe.
1:14 of 3rd period - Shot Misses the Net.
1:16 of 3rd period - Shot by Jacob Trouba.
1:16 of 3rd period - Shot Misses the Net.
1:18 of 3rd period - Shot by Carter Verhaeghe.
1:18 of 3rd period - Stopped by Jordan Binnington without a rebound.
1:19 of 3rd period - Jack Eichel wins face-off versus Kent Johnson in EDMONTON ICE zone.
2:32 of 3rd period - Shot by Carter Verhaeghe.
2:32 of 3rd period - Stopped by Jordan Binnington without a rebound.
2:33 of 3rd period - Jeff Skinner wins face-off versus Anton Lundell in EDMONTON ICE zone.
2:44 of 3rd period - Icing by Rasmus Ristolainen.
2:45 of 3rd period - Ryan O'Reilly wins face-off versus Jeff Skinner in ANAHEIM OUTLAWS zone.
3:21 of 3rd period - Minor Penalty to Rasmus Ristolainen for Slashing.
3:22 of 3rd period - Jack Eichel wins face-off versus Kevin Fiala in ANAHEIM OUTLAWS zone.
3:43 of 3rd period - Shot by Jack Eichel.
3:43 of 3rd period - Shot Misses the Net.
3:45 of 3rd period - Shot by Jack Eichel.
3:45 of 3rd period - Stopped by Mackenzie Blackwood with a rebound.
3:47 of 3rd period - Shot by Jordan Spence.
3:47 of 3rd period - Shot Hit the Post.
4:14 of 3rd period - Anton Lundell is hit by Jordan Martinook and loses puck.
4:29 of 3rd period - Shot by Conor Garland.
4:29 of 3rd period - Stopped by Mackenzie Blackwood with a rebound.
4:31 of 3rd period - Shot by Darnell Nurse.
4:31 of 3rd period - Shot Blocked by Oliver Ekman-Larsson.
5:17 of 3rd period - Shot by Kevin Fiala.
5:17 of 3rd period - Stopped by Jordan Binnington with a rebound.
5:19 of 3rd period - Shot by Carter Verhaeghe.
5:19 of 3rd period - Shot Misses the Net.
5:21 of 3rd period - Shot by Carter Verhaeghe.
5:21 of 3rd period - Stopped by Jordan Binnington with a rebound.
5:23 of 3rd period - Shot by Michael Rasmussen.
5:23 of 3rd period - Shot Misses the Net.
5:50 of 3rd period - Shot by Adrian Kempe.
5:50 of 3rd period - Shot Misses the Net.
5:52 of 3rd period - Shot by Albert Johansson.
5:52 of 3rd period - Stopped by Jordan Binnington without a rebound.
5:53 of 3rd period - Jack Eichel wins face-off versus Michael Bunting in EDMONTON ICE zone.
6:09 of 3rd period - Alex Tuch is hit by Jordan Martinook and loses puck.
6:40 of 3rd period - Jordan Martinook is hit by Alex Tuch and loses puck.
6:52 of 3rd period - Off-side.
6:53 of 3rd period - Ryan O'Reilly wins face-off versus Carter Verhaeghe in neutral zone.
7:12 of 3rd period - Minor Penalty to Timo Meier for Hooking.
7:13 of 3rd period - Jack Quinn wins face-off versus Ryan O'Reilly in EDMONTON ICE zone.
8:20 of 3rd period - Shot by Rasmus Ristolainen.
8:20 of 3rd period - Shot Blocked by Cameron York.
8:22 of 3rd period - Shot by Rasmus Ristolainen.
8:22 of 3rd period - Shot Misses the Net.
8:24 of 3rd period - Shot by Jordan Martinook.
8:24 of 3rd period - Shot Blocked by Eeli Tolvanen.
8:26 of 3rd period - Shot by Oliver Ekman-Larsson.
8:26 of 3rd period - Shot Misses the Net.
8:28 of 3rd period - Shot by Carter Verhaeghe.
8:28 of 3rd period - Shot Misses the Net.
8:30 of 3rd period - Shot by Jordan Martinook.
8:30 of 3rd period - Stopped by Jordan Binnington without a rebound.
8:31 of 3rd period - Nic Dowd wins face-off versus Carter Verhaeghe in EDMONTON ICE zone.
8:41 of 3rd period - Shot by Oliver Ekman-Larsson.
8:41 of 3rd period - Shot Misses the Net.
9:10 of 3rd period - Icing by Jacob Trouba.
9:11 of 3rd period - Ryan O'Reilly wins face-off versus Jack Quinn in ANAHEIM OUTLAWS zone.
9:25 of 3rd period - Shot by Michael Rasmussen.
9:25 of 3rd period - Shot Blocked by Darnell Nurse.
9:27 of 3rd period - Shot by Michael Rasmussen.
9:27 of 3rd period - Shot Misses the Net.
9:29 of 3rd period - Shot by Morgan Rielly.
9:29 of 3rd period - Stopped by Jordan Binnington without a rebound.
9:30 of 3rd period - Ryan O'Reilly wins face-off versus Carter Verhaeghe in EDMONTON ICE zone.
9:35 of 3rd period - Shot by Ryan O'Reilly.
9:35 of 3rd period - Shot Misses the Net.
9:37 of 3rd period - Shot by Timo Meier.
9:37 of 3rd period - Deflect By Ryan O'Reilly.
9:37 of 3rd period - Stopped by Mackenzie Blackwood without a rebound.
9:38 of 3rd period - Pierre Engvall wins face-off versus Ryan O'Reilly in ANAHEIM OUTLAWS zone.
10:20 of 3rd period - Shot by Timo Meier.
10:20 of 3rd period - Shot Misses the Net.
10:22 of 3rd period - Shot by Shayne Gostisbehere.
10:22 of 3rd period - Stopped by Mackenzie Blackwood without a rebound.
10:23 of 3rd period - Carter Verhaeghe wins face-off versus Jack Eichel in ANAHEIM OUTLAWS zone.
10:23 of 3rd period - Carter Verhaeghe is hit by Alex Tuch.
10:37 of 3rd period - Shot by Kevin Fiala.
10:37 of 3rd period - Stopped by Jordan Binnington without a rebound.
10:38 of 3rd period - Anton Lundell wins face-off versus Kent Johnson in EDMONTON ICE zone.
10:46 of 3rd period - Shot by Kent Johnson.
10:46 of 3rd period - Stopped by Jordan Binnington with a rebound.
10:48 of 3rd period - Shot by Michael Bunting.
10:48 of 3rd period - Stopped by Jordan Binnington with a rebound.
10:50 of 3rd period - Shot by Kent Johnson.
10:50 of 3rd period - Stopped by Jordan Binnington with a rebound.
10:52 of 3rd period - Shot by Kent Johnson.
10:52 of 3rd period - Shot Misses the Net.
11:05 of 3rd period - Shot by Kent Johnson.
11:05 of 3rd period - Shot Misses the Net.
11:09 of 3rd period - Shot by Jordan Martinook.
11:09 of 3rd period - Shot Blocked by Connor Clifton.
11:11 of 3rd period - Shot by Jordan Martinook.
11:11 of 3rd period - Stopped by Jordan Binnington with a rebound.
11:13 of 3rd period - Shot by Rasmus Ristolainen.
11:13 of 3rd period - Stopped by Jordan Binnington without a rebound.
11:14 of 3rd period - Jack Eichel wins face-off versus Carter Verhaeghe in EDMONTON ICE zone.
11:14 of 3rd period - Jack Eichel is hit by Carter Verhaeghe.
11:58 of 3rd period - Shot by Alex Tuch.
11:58 of 3rd period - Shot Misses the Net.
12:21 of 3rd period - Icing by Jacob Trouba.
12:22 of 3rd period - Ryan O'Reilly wins face-off versus Carter Verhaeghe in ANAHEIM OUTLAWS zone.
12:23 of 3rd period - Shot by Conor Garland.
12:23 of 3rd period - Deflect By Timo Meier.
12:23 of 3rd period - Stopped by Mackenzie Blackwood without a rebound.
12:24 of 3rd period - Ryan O'Reilly wins face-off versus Kent Johnson in ANAHEIM OUTLAWS zone.
12:24 of 3rd period - Ryan O'Reilly is hit by Henri Jokiharju.
12:29 of 3rd period - Timo Meier is hit by Drew Helleson and loses puck.
12:42 of 3rd period - Off-side.
12:43 of 3rd period - Anton Lundell wins face-off versus Jeff Skinner in neutral zone.
12:57 of 3rd period - Icing by Rasmus Ristolainen.
12:58 of 3rd period - Ryan O'Reilly wins face-off versus Jeff Skinner in ANAHEIM OUTLAWS zone.
13:12 of 3rd period - Minor Penalty to Darnell Nurse for Holding.
13:13 of 3rd period - Eeli Tolvanen wins face-off versus Carter Verhaeghe in EDMONTON ICE zone.
13:51 of 3rd period - Shot by Carter Verhaeghe.
13:51 of 3rd period - Shot Blocked by Dante Fabbro.
13:53 of 3rd period - Shot by Jordan Martinook.
13:53 of 3rd period - Shot Misses the Net.
13:55 of 3rd period - Shot by Carter Verhaeghe.
13:55 of 3rd period - Goal by Carter Verhaeghe - ANAHEIM OUTLAWS : 2 - EDMONTON ICE : 5.
13:56 of 3rd period - Michael Rasmussen wins face-off versus Alex Tuch in neutral zone.
14:03 of 3rd period - Shot by Michael Rasmussen.
14:03 of 3rd period - Deflect By Adrian Kempe.
14:03 of 3rd period - Shot Misses the Net.
14:05 of 3rd period - Shot by Oliver Ekman-Larsson.
14:05 of 3rd period - Shot Blocked by Shayne Gostisbehere.
14:23 of 3rd period - Shot by Adrian Kempe.
14:23 of 3rd period - Shot Misses the Net.
14:25 of 3rd period - Shot by Rasmus Ristolainen.
14:25 of 3rd period - Stopped by Jordan Binnington without a rebound.
14:26 of 3rd period - Nic Dowd wins face-off versus Jeff Skinner in EDMONTON ICE zone.
14:44 of 3rd period - Shot by Pierre Engvall.
14:44 of 3rd period - Deflect By Jeff Skinner.
14:44 of 3rd period - Stopped by Jordan Binnington with a rebound.
14:46 of 3rd period - Shot by Pierre Engvall.
14:46 of 3rd period - Stopped by Jordan Binnington without a rebound.
14:47 of 3rd period - Anton Lundell wins face-off versus Carter Verhaeghe in EDMONTON ICE zone.
15:05 of 3rd period - Eeli Tolvanen is hit by Henri Jokiharju and loses puck.
15:16 of 3rd period - Shot by Nino Niederreiter.
15:16 of 3rd period - Stopped by Mackenzie Blackwood without a rebound.
15:17 of 3rd period - Ryan O'Reilly wins face-off versus Kent Johnson in ANAHEIM OUTLAWS zone.
15:24 of 3rd period - Shot by Conor Garland.
15:24 of 3rd period - Stopped by Mackenzie Blackwood without a rebound.
15:25 of 3rd period - Ryan O'Reilly wins face-off versus Kent Johnson in ANAHEIM OUTLAWS zone.
15:26 of 3rd period - Shot by Conor Garland.
15:26 of 3rd period - Shot Blocked by Morgan Rielly.
15:39 of 3rd period - Shot by Kent Johnson.
15:39 of 3rd period - Shot Blocked by Jonas Brodin.
15:41 of 3rd period - Shot by Morgan Rielly.
15:41 of 3rd period - Shot Misses the Net.
15:47 of 3rd period - Shot by Michael Bunting.
15:47 of 3rd period - Stopped by Jordan Binnington without a rebound.
15:48 of 3rd period - Evgeny Dadonov wins face-off versus Carter Verhaeghe in EDMONTON ICE zone.
15:55 of 3rd period - Icing by Henri Jokiharju.
15:56 of 3rd period - Jack Eichel wins face-off versus Carter Verhaeghe in ANAHEIM OUTLAWS zone.
17:08 of 3rd period - Shot by Kent Johnson.
17:08 of 3rd period - Stopped by Jordan Binnington without a rebound.
17:09 of 3rd period - Ryan O'Reilly wins face-off versus Jack Quinn in EDMONTON ICE zone.
17:26 of 3rd period - Shot by Conor Garland.
17:26 of 3rd period - Shot Misses the Net.
18:28 of 3rd period - Shot by Kent Johnson.
18:28 of 3rd period - Stopped by Jordan Binnington without a rebound.
18:29 of 3rd period - Carter Verhaeghe wins face-off versus Anton Lundell in EDMONTON ICE zone.
18:34 of 3rd period - Shot by Kevin Fiala.
18:34 of 3rd period - Stopped by Jordan Binnington without a rebound.
18:35 of 3rd period - Jack Eichel wins face-off versus Carter Verhaeghe in EDMONTON ICE zone.
18:57 of 3rd period - Shot by Alex Tuch.
18:57 of 3rd period - Shot Misses the Net.
19:03 of 3rd period - Shot by Jack Eichel.
19:03 of 3rd period - Shot Misses the Net.
19:05 of 3rd period - Shot by Alex Tuch.
19:05 of 3rd period - Stopped by Mackenzie Blackwood with a rebound.
19:07 of 3rd period - Shot by Alex Tuch.
19:07 of 3rd period - Deflect By Jack Eichel.
19:07 of 3rd period - Shot Misses the Net.
19:09 of 3rd period - Shot by Connor Clifton.
19:09 of 3rd period - Stopped by Mackenzie Blackwood without a rebound.
19:10 of 3rd period - Ryan O'Reilly wins face-off versus Kent Johnson in ANAHEIM OUTLAWS zone.
19:23 of 3rd period - Shot by Timo Meier.
19:23 of 3rd period - Shot Misses the Net.
19:29 of 3rd period - Shot by Timo Meier.
19:29 of 3rd period - Stopped by Mackenzie Blackwood without a rebound.
19:30 of 3rd period - Anton Lundell wins face-off versus Jack Quinn in ANAHEIM OUTLAWS zone.
19:44 of 3rd period - Jack Quinn is hit by Dante Fabbro and loses puck.
19:53 of 3rd period - Shot by Jack Quinn.
19:53 of 3rd period - Stopped by Jordan Binnington without a rebound.
19:54 of 3rd period - Ryan O'Reilly wins face-off versus Carter Verhaeghe in EDMONTON ICE zone.
Goals for this period are 2 for ANAHEIM OUTLAWS vs 1 for EDMONTON ICE.
Shots for this period are 23 for ANAHEIM OUTLAWS vs 11 for EDMONTON ICE.


MATTHEW
TKACHUK
TOM
WILSON
JAKE
GUENTZEL